 Dungeon Crawl Stone Soup version 0.30.0-19-g36f170ea60 (webtiles) character file.

Game seed: 48180391280042899

513 croobank the Sneak (level 7, -4/40 HPs)
             Began as an Octopode Fire Elementalist on May 26, 2023.
             Was a Follower of Hepliaklqana.
             Slain by Pikel
             ... wielding a +0 whip of freezing
              (11 damage)
             ... on level 5 of the Dungeon.
             The game lasted 00:13:22 (5013 turns).

croobank the Sneak (Octopode Fire Elementalist)     Turns: 5013, Time: 00:13:22

Health: -4/40      AC:  1    Str:  8    XL:     7   Next: 20%
Magic:  6/11       EV: 19    Int: 19    God:    Hepliaklqana [*.....]
Gold:   113        SH:  0    Dex: 12    Spells: 9/12 levels left

rFire   . . .        d - +0 dagger
rCold   . . .        (no shield)
rNeg    . . .        (helmet restricted)
rPois   .            (no amulet)
rElec   .            h - ring of flight
rCorr   .            e - +5 ring of evasion
SInv    .            (no ring)
Will    .....        (no ring)
Stlth   ++++         (no ring)
HPRegen 0.26/turn    (no ring)
MPRegen 0.12/turn    (no ring)
                     (no ring)

%: no passive effects
@: mighty, flying
A: reduced essence, almost no armour, amphibious, 8 rings, camouflage 1,
gelatinous body 1, (nimble swimmer 1), tentacles
a: Renounce Religion, Recall Ancestor, Ancestor Identity


You were on level 5 of the Dungeon.
You worshipped Hepliaklqana.
Hepliaklqana was aware of your devotion.
You visited 1 branch of the dungeon, and saw 5 of its levels.

You collected 113 gold pieces.

Inventory:

Hand Weapons
 a - a +0 short sword
 b - a +0 sling
 d - a +0 dagger (weapon)
 j - a +0 whip of freezing
 o - a +3 spear
 r - a +0 falchion
Missiles
 t - 8 poisoned darts
Jewellery
 e - a +5 ring of evasion (right tentacle)
 h - a ring of flight (left tentacle)
Wands
 m - a wand of mindburst (16)
 y - a wand of digging (4)
Scrolls
 g - 2 scrolls of brand weapon {unknown}
 i - 3 scrolls of identify {unknown}
 k - 2 scrolls of immolation {unknown}
 q - a scroll of enchant armour {unknown}
 s - a scroll of fear {unknown}
 v - a scroll of blinking {unknown}
 w - a scroll of silence {unknown}
 A - a scroll of magic mapping {unknown}
Potions
 c - 3 potions of magic
 f - 3 potions of lignification {unknown}
 l - 2 potions of curing {unknown}
 n - a potion of flight {unknown}
 p - 3 potions of attraction {unknown}
 u - 2 potions of degeneration {unknown}
 x - a potion of brilliance


   Skills:
 * Level 2.6 Fighting
 + Level 3.4 Dodging
 + Level 4.8 Stealth
 + Level 3.1 Spellcasting
 + Level 2.9 Conjurations
 + Level 4.1 Fire Magic
 * Level 1.8 Invocations


You had 9 spell levels left.
You knew the following spells:

 Your Spells              Type           Power      Damage    Failure   Level
a - Foxfire               Conj/Fire      64%        2x1d7     3%          1
b - Scorch                Fire           36%        2d7       4%          2

Your spell library contained the following spells:

 Spells                   Type           Power      Damage    Failure   Level
 Magic Dart               Conj           56%        1d5       4%          1
 Searing Ray              Conj           28%        2d5       7%          2
 Inner Flame              Hex/Fire       10%        N/A       19%         3
 Volatile Blastmotes      Fire/Tloc      20%        2d11      19%         3
 Flame Wave               Conj/Fire      16%        2d7       34%         4
 Summon Guardian Golem    Hex/Summ       3%         N/A       41%         3
 Fulminant Prism          Conj/Hex       4%         3d5       63%         4
 Orb of Destruction       Conj           7%         9d6       100%        7
 Spellforged Servitor     Conj/Summ      4%         N/A       100%        7


Dungeon Overview and Level Annotations

Branches:
Dungeon (5/15)
 Temple: D:4-7

Altars:
Ashenzari
Elyvilon
Fedhas
Hepliaklqana
Makhleb
Nemelex Xobeh
Ru
Uskayaw
Vehumet
Wu Jian
Yredelemnul

Shops:
D:4 *

Annotations:
D:5 Pikel


Innate Abilities, Weirdness & Mutations

Your life essence is reduced to manifest your ancestor. (-10% HP)
You cannot wear most types of armour.
You are amphibious.
You can wear up to eight rings at the same time.
Your skin changes colour to match your surroundings (Stealth+).
Your rubbery body absorbs attacks. (AC +1, EV +1)
((You are camouflaged when in or above water. (Stealth+)))
You have tentacles for arms and can constrict up to eight enemies at once.


Message History

Pikel is lightly wounded.
You constrict Pikel, but do no damage. Pikel completely misses you.
The lemure barely misses you.
Amurritum misses the lemure.
The lemure hits Amurritum.
You hit Pikel but do no damage.
Pikel is lightly wounded.
You constrict Pikel, but do no damage.
Amurritum barely misses the lemure.
Pikel barely misses you. The lemure closely misses you.
You hit Pikel but do no damage. You squeeze Pikel.
Pikel is lightly wounded.
You constrict Pikel, but do no damage. The lemure hits you!
Amurritum hits the lemure but does no damage.
Pikel misses you.
The lemure hits Amurritum!
Amurritum is destroyed!
The lemure completely misses you.
The lemure shouts!
Casting: Scorch (safe; 4% risk of failure)
Confirm with . or Enter, or press ? or * to list all spells.
Okay, then.
Aiming: Mindburst
Press: ? - help, Shift-Dir - straight line, f - Pikel
Aim: Pikel, wielding a +0 whip of freezing and wearing a +2 robe of positive energy (lightly wounded, constricted by you, chance to affect: 64%) Pikel struggles to resist.
You constrict Pikel.
The lemure is no longer more vulnerable to fire.
Pikel closely misses you. The lemure hits you!
* * * LOW HITPOINT WARNING * * *
The lemure misses you.
Okay, then.
Okay, then.
Casting: Scorch (safe; 4% risk of failure)
Confirm with . or Enter, or press ? or * to list all spells.
Okay, then.
You feel very mighty all of a sudden.
You constrict Pikel, but do no damage. Pikel closely misses you.
The lemure completely misses you.
You hit Pikel. You squeeze Pikel!
Pikel is heavily wounded.
You constrict Pikel.
Pikel hits you with a +0 whip of freezing!
You die...

#.......§..# ....
#..##.....<..#
..........###........§.§...#
.....................S5....#
...)...............)5.....#
#.....##.....(.>.......###
#....##............)..#
#....#..55........#..#
#.......@KS....#.#####
###<...#.5....##
#...##.5.....#
##.####....... ### $..$...
....... ....... ..#....


You could see Pikel, 4 lemures and an adder.

Vanquished Creatures
  A phantom (D:3)
  A scorpion (D:4)
  2 hounds (D:4)
  A sleepcap (D:3)
  3 iguanas (D:4)
  Natasha (twice) (D:3)
  4 gnolls (D:2)
  6 adders
  2 worms
  A dart slug (D:2)
  8 orcs
  6 ball pythons
  A bat (D:2)
  2 endoplasms
  5 giant cockroaches
  3 goblins
  7 hobgoblins
  5 kobolds
  4 quokkas
  5 frilled lizards
  8 rats
  A spectral orc (D:4)
78 creatures vanquished.

Vanquished Creatures (collateral kills)
  7 foxfires
7 creatures vanquished.

Vanquished Creatures (others)
  An ancestor (D:5)
  84 foxfires
85 creatures vanquished.

Grand Total: 170 creatures vanquished

Notes
Turn   | Place    | Note
-------+----------+-------------------------------------------
     0 | D:1      | croobank the Octopode Fire Elementalist began the quest for
                  | the Orb.
     0 | D:1      | Reached XP level 1. HP: 11/11 MP: 3/3
   275 | D:1      | Reached XP level 2. HP: 17/17 MP: 1/5
   284 | D:1      | Learned a level 2 spell: Scorch
   981 | D:2      | Reached XP level 3. HP: 21/21 MP: 3/6
  1160 | D:2      | Found a burning altar of Makhleb.
  1430 | D:2      | Reached XP level 4. HP: 27/27 MP: 3/7
  1637 | D:2      | Found a faded altar of an unknown god.
  2600 | D:3      | Noticed a phantom
  2616 | D:3      | Killed a phantom
  2617 | D:3      | Reached skill level 1 in Fighting
  2617 | D:3      | Reached XP level 5. HP: 23/33 MP: 2/9
  2820 | D:3      | Noticed Natasha
  2947 | D:3      | Killed Natasha
  2948 | D:3      | Reached XP level 6. HP: 39/39 MP: 5/10
  3108 | D:3      | Noticed Natasha
  3112 | D:3      | Found a white marble altar of Elyvilon.
  3112 | D:3      | Found a broken altar of Ashenzari.
  3112 | D:3      | Found a blossoming altar of Fedhas.
  3112 | D:3      | Found a hide-covered altar of Uskayaw.
  3113 | D:3      | Found a hazy altar of Hepliaklqana.
  3113 | D:3      | Found a radiant altar of Vehumet.
  3114 | D:3      | Found an ornate altar of the Wu Jian Council.
  3114 | D:3      | Found a sacrificial altar of Ru.
  3114 | D:3      | Found a sparkling altar of Nemelex Xobeh.
  3122 | D:3      | Killed Natasha
  3201 | D:3      | Became a worshipper of Hepliaklqana the Forgotten
  3980 | D:4      | Found a basalt altar of Yredelemnul.
  3983 | D:4      | Reached skill level 1 in Invocations
  4218 | D:4      | Found Xorah's Mayhem Merchandise.
  4449 | D:4      | Reached XP level 7. HP: 23/45 MP: 0/11
  4869 | D:5      | Entered Level 5 of the Dungeon
  4869 | D:5      | Reached * piety under Hepliaklqana
  5001 | D:5      | Noticed Pikel
  5013 | D:5      | Slain by Pikel

Illustrated notes

Levels and vault maps discovered:
D:1:      onia_arrival_mini_spirals, layout_loops_ring, serial_bayou,
          serial_bayou_lagoon_b, serial_bayou_shore_a, serial_bayou_pond_d,
          serial_bayou_pond_a
D:2:      layout_basic, basic_altar, serial_bayou, serial_bayou_ford_a,
          serial_bayou_pond_c, serial_bayou_shore_b, serial_bayou_pond_c,
          dreamdust_ecumenical_altar_grove, grunt_decor_mini_mirrors
D:3:      layout_loops_ring, nicolae_overflows_in_rows,
          chequers_serial_rivers_micro_e, uniq_natasha
D:4:      layout_loops_corners, yredelemnul_forgotten_temple_becter,
          minmay_shop_mayhem
D:5:      layout_cave_pools, skrybe_limestone_x, uniq_pikel

Skill      XL: |  1  2  3  4  5  6 |
---------------+-------------------+-----
Stealth        | 3 4 |  4.8
Conjurations   | 2 |  2.9
Fighting       | 1 2 |  2.6
Dodging        | 3 |  3.4
Spellcasting   | 3 |  3.1
Invocations    | 1 |  1.8
Fire Magic     | 4 |  4.1

Action                     |  1- 3 |  4- 6 |  7- 9 || total
---------------------------+-------+-------+-------++-------
  Melee: Unarmed           |     5 |       |       ||     5
         Constrict         |     4 |    18 |     2 ||    24
         Short sword       |    13 |       |       ||    13
         Tentacles         |     2 |    20 |     4 ||    26
         Punch             |     1 |     1 |       ||     2
         Spear             |       |    42 |       ||    42
         Dagger            |       |    48 |     8 ||    56
   Cast: Foxfire           |    27 |    10 |    13 ||    50
         Scorch            |     8 |    40 |     7 ||    55
  Evoke: Wand              |       |       |     1 ||     1
    Use: Potion            |       |       |     1 ||     1
   Stab: Sleeping          |     6 |    11 |     1 ||    18
 Armour: Skin              |     2 |     5 |       ||     7
  Dodge: Dodged            |    12 |    70 |    16 ||    98
